 Dungeon Crawl Stone Soup version 0.29-a0-563-g64e4043184 (webtiles) character file.

Game seed: 5997563852718100765

1121 YayAnonymity the Poker (level 8, 0/60 HPs)
             Began as a Demonspawn Gladiator on June 11, 2022.
             Was an Initiate of Trog.
             Slain by Pikel
             ... wielding a +0 whip of flaming
              (2 damage)
             ... on level 5 of the Dungeon.
             The game lasted 00:05:48 (5205 turns).

YayAnonymity the Poker (Demonspawn Gladiator)       Turns: 5205, Time: 00:05:48

Health: 0/60       AC:  8    Str: 16    XL:     8   Next: 12%
Magic:  8/8        EV:  8    Int: 11    God:    Trog [......]
Gold:   153        SH:  0    Dex: 19    Spells: 7/7 levels left

rFire   + . .      SeeInvis +   a - +0 trident
rCold   . . .      Faith    .   (no shield)
rNeg    . . .      Spirit   .   t - +0 chain mail of Precision Catastrophes {+Blink rPois Dex+5}
rPois   +          Reflect  .   (helmet restricted)
rElec   .          Harm     .   (no cloak)
rCorr   .          Rampage  .   (no gloves)
Will    .....                   (no boots)
Stlth   ..........              (no amulet)
HPRegen 0.20/turn               j - ring of protection from fire
MPRegen 0.11/turn               u - ring of see invisible

@: no status effects
A: hooves 1, horns 1, spiny 2, demonic touch 2
a: Renounce Religion, Evoke Blink


You were on level 5 of the Dungeon.
You worshipped Trog.
Trog was noncommittal.
You visited 2 branches of the dungeon, and saw 6 of its levels.

You collected 153 gold pieces.

Inventory:

Hand Weapons
 a - a +0 trident (weapon)
Missiles
 d - 2 throwing nets (quivered)
 e - 7 javelins
 o - 3 boomerangs of dispersal
Armour
 t - the +0 chain mail of Precision Catastrophes (worn) {+Blink rPois Dex+5}
   (You found it on level 4 of the Dungeon)

   Dex:       It affects your dexterity (+5).
   rPois:     It protects you from poison.
   +Blink:    It lets you blink.
Jewellery
 j - a ring of protection from fire (left hand)
 u - a ring of see invisible (right hand)
Wands
 v - a wand of paralysis (2)
 w - a wand of flame (19)
Scrolls
 i - 3 scrolls of identify {unknown}
 k - a scroll of amnesia {unknown}
 m - a scroll of vulnerability {unknown}
 n - 4 scrolls of teleportation {unknown}
 q - a scroll of blinking {unknown}
 s - 2 scrolls of fog {unknown}
 x - a scroll of noise {unknown}
Potions
 b - 5 potions of brilliance {unknown}
 c - a potion of heal wounds {unknown}
 f - a potion of mutation {unknown}
 g - a potion of flight {unknown}
 h - 3 potions of curing
 l - a potion of attraction {unknown}
 p - 2 potions of berserk rage {unknown}
 r - a potion of might {unknown}


   Skills:
 + Level 3.7 Fighting
 * Level 7.6 Polearms
 - Level 1.7 Throwing
 + Level 2.6 Armour
 - Level 4.0 Dodging


You had 7 spell levels left.
You didn't know any spells.
Your spell library contained the following spells:

 Spells                   Type           Power      Damage    Failure   Level
 Stone Arrow              Conj/Erth      0%         3d7       100%        3
 Animate Armour           Summ/Erth      0%         N/A       100%        4
 Lehudib's Crystal Spear  Conj/Erth      0%         10d2      100%        8


Dungeon Overview and Level Annotations

Branches:
Dungeon (5/15)             Temple (1/1) D:4

Altars:
Ashenzari
Cheibriados
Dithmenos
Elyvilon
Hepliaklqana
Kikubaaqudgha
Makhleb
Okawaru
Sif Muna
Trog
Uskayaw
Vehumet
Zin

Annotations:
D:3 1 runed translucent door, zishaf's ghost, amateur DgWn
D:5 Pikel


Innate Abilities, Weirdness & Mutations

You have large cloven feet.
You have a pair of small horns on your head.
You are mostly covered in sharp spines.
Your touch may inflict irresistible damage on your foes.


Message History

Reach: a) +0 trident
Press: ? - help, Dir - move target, f - lemure
Aim: a lemure (lightly wounded, about 42% to evade your +0 trident)
Okay, then.
You feel better. The lemure hits you. The lemure is struck by your spines.
The lemure hits you but does no damage.
Reach: a) +0 trident
Press: ? - help, Dir - move target, f/p - Pikel
Aim: Pikel, wielding a +0 whip of flaming and wearing a +0 robe (lightly wounded, about 42% to evade your +0 trident)
You reach to attack!
You barely miss Pikel.
Pikel is lightly wounded.
The lemure is struck by your spines. The lemure hits you.
* * * LOW HITPOINT WARNING * * *
The lemure is struck by your spines. The lemure hits you but does no damage.
Pikel cracks his whip.
You hit the lemure.
You kill the lemure!
That felt strangely unrewarding.
The lemure barely misses you.
You barely miss Pikel. You kick Pikel. You headbutt Pikel.
Pikel is moderately wounded.
The lemure hits you.
* * * LOW HITPOINT WARNING * * *
Pikel is struck by your spines.
Pikel hits you with a +0 whip of flaming.
* * * LOW HITPOINT WARNING * * *
You hit Pikel. You kick Pikel, but do no damage.
Pikel is heavily wounded.
You hit Pikel but do no damage.
You touch Pikel!
Pikel is severely wounded.
The lemure is struck by your spines. The lemure hits you.
* * * LOW HITPOINT WARNING * * *
Pikel is struck by your spines. Pikel hits you but does no damage.
You hit Pikel but do no damage.
Pikel is almost dead.
The lemure is struck by your spines. The lemure hits you.
* * * LOW HITPOINT WARNING * * *
Pikel hits you with a +0 whip of flaming!
* * * LOW HITPOINT WARNING * * *
Pikel burns you.
You die...

....... ######.#
....... .......
#......# ...... .......
#.###### ########
....... #.# ## ........
....... #.# . ........
?......###.#.# ........
.......+...#.# ........
.......#.....# ........
.......@5..#.#
......###########K#.###
####### #......5..#.#
..# .....).5..#.# ...
.......)..#.. ....
..........##. ....
.......?.## .# ...
......?... ..
.........##


You could see Pikel and a lemure.

Vanquished Creatures
  Grinder (D:5)
  Sigmund (D:4)
  Eustachio (D:5)
  A black bear (D:4)
  An ogre (D:4)
  3 lemures (D:5)
  5 hounds
  A jelly (D:5)
  2 orc priests
  An iguana (D:5)
  2 orc wizards (D:5)
  3 gnolls (D:3)
  4 adders
  A shadow imp (D:5)
  A white imp (D:5)
  An ufetubus (D:5)
  10 orcs
  5 endoplasms
  3 giant cockroaches
  3 goblins
  8 hobgoblins
  2 jackals (D:4)
  6 kobolds
  2 quokkas
  3 ball pythons
  2 bats
  3 frilled lizards
  3 rats
79 creatures vanquished.

Vanquished Creatures (others)
  A plant (D:3)
  2 withered plants (D:3)
3 creatures vanquished.

Grand Total: 82 creatures vanquished

Notes
Turn   | Place    | Note
-------+----------+-------------------------------------------
     0 | D:1      | YayAnonymity the Demonspawn Gladiator began the quest for
                  | the Orb.
     0 | D:1      | Reached XP level 1. HP: 16/16 MP: 1/1
   274 | D:1      | Reached skill level 3 in Polearms
   352 | D:1      | Discovered your monstrous ancestry.
   352 | D:1      | Gained mutation: You have a pair of small horns on your
                  | head. [demonic ancestry]
   352 | D:1      | Reached XP level 2. HP: 16/22 MP: 2/2
  1169 | D:2      | Found a faded altar of an unknown god.
  1180 | D:2      | Gained mutation: Your touch may inflict minor irresistible
                  | damage on your foes. [demonic ancestry]
  1180 | D:2      | Reached XP level 3. HP: 26/27 MP: 3/3
  1920 | D:3      | Reached skill level 4 in Polearms
  1938 | D:3      | Reached XP level 4. HP: 25/33 MP: 4/4
  2589 | D:3      | Found a runed translucent door.
  2589 | D:3      | Noticed zishaf's ghost (amateur DgWn)
  2843 | D:4      | Noticed a black bear
  2850 | D:4      | Killed a black bear
  2851 | D:4      | Gained mutation: You have large cloven feet. [demonic
                  | ancestry]
  2851 | D:4      | Reached XP level 5. HP: 22/38 MP: 5/5
  2984 | D:4      | Noticed Sigmund
  2986 | D:4      | Reached skill level 5 in Polearms
  3286 | D:4      | Killed Sigmund
  3287 | D:4      | Reached skill level 6 in Polearms
  3287 | D:4      | Gained mutation: Your touch may inflict irresistible damage
                  | on your foes. [demonic ancestry]
  3287 | D:4      | Reached XP level 6. HP: 21/44 MP: 6/6
  3555 | D:4      | Found a staircase to the Ecumenical Temple.
  3563 | Temple   | Entered the Ecumenical Temple
  4016 | Temple   | Became a worshipper of Trog the Wrathful
  4117 | D:4      | Found a shadowy altar of Dithmenos.
  4330 | D:4      | Gained mutation: You are partially covered in sharp spines.
                  | [demonic ancestry]
  4330 | D:4      | Reached XP level 7. HP: 34/51 MP: 7/7
  4476 | D:4      | Reached skill level 1 in Armour
  4621 | D:4      | Identified the +0 chain mail of Precision Catastrophes
                  | {+Blink rPois Dex+5}
  4746 | D:5      | Entered Level 5 of the Dungeon
  4936 | D:5      | Noticed Eustachio
  4955 | D:5      | Killed Eustachio
  4956 | D:5      | Reached skill level 7 in Polearms
  4972 | D:5      | Noticed Grinder
  4982 | D:5      | Killed Grinder
  4983 | D:5      | Gained mutation: You are mostly covered in sharp spines.
                  | [demonic ancestry]
  4983 | D:5      | Reached XP level 8. HP: 41/58 MP: 8/8
  5181 | D:5      | Noticed Pikel
  5205 | D:5      | HP: 2/60 [Pikel/+0 whip of flaming (8)]
  5205 | D:5      | Slain by Pikel

Illustrated notes

Levels and vault maps discovered:
D:1:      dpeg_arrival_fog, layout_basic
D:2:      layout_basic, hellmonk_ecumenical_altar_run_dry, serial_corexii_hall,
          corexii_hall_statues_deadend, corexii_hall_statues_s,
          minmay_misc_feat_rows
D:3:      cheibrodos_old_hovel, layout_rooms, gammafunk_ghost_grave,
          guppyfry_early_lair_pool
D:4:      layout_basic, nicolae_dithmenos_shadow_blocks,
          minmay_temple_entry_proselytizer, minmay_misc_feat_alley,
          chequers_serial_rivers_marsh, uniq_sigmund
D:5:      minmay_opposing_rooms, layout_basic, kennysheep_generic_room_8,
          uniq_grinder, uniq_eustachio, uniq_pikel
Temple:   minmay_temple_forest_path

Skill      XL: |  1  2  3  4  5  6  7 |
---------------+----------------------+-----
Polearms       | 3 4 6 7 |  7.6
Dodging        | 3 4 |  4.0
Armour         | 2 |  2.6
Fighting       | 3 |  3.7
Throwing       | |  1.7

Action                   |  1- 3 |  4- 6 |  7- 9 || total
-------------------------+-------+-------+-------++-------
Melee: Trident           |    98 |    80 |    61 ||   239
       Headbutt          |     7 |     6 |    10 ||    23
       Punch             |     1 |     1 |     1 ||     3
       Touch             |     4 |     9 |    11 ||    24
       Kick              |       |     9 |    24 ||    33
Throw: Throwing net      |       |     3 |       ||     3
  Use: Potion            |       |       |     1 ||     1
Armor: Leather armour    |    15 |       |       ||    15
       Ring mail         |     9 |    20 |     1 ||    30
       Chain mail        |       |       |     8 ||     8
Dodge: Dodged            |    57 |    43 |    14 ||   114

Table legend: (Time is in decaauts)
 A = Elapsed time spent in this place.
 B = Non-inter-level travel time spent in this place.
 C = Inter-level travel time spent in this place.
 D = Time resting spent in this place.
 E = Time spent auto-exploring this place.
 F = Levels seen in this place.
 G = Mean time per level.
                   A        B        C        D        E       F      G
               +--------+--------+--------+--------+--------+-----+--------+
         Total |   5222 |   5058 |    164 |    645 |   3749 |   6 |  870.3 |
       Dungeon |   4710 |   4655 |     55 |    645 |   3360 |   5 |  942.0 |
        Temple |    511 |    402 |    109 |      0 |    389 |   1 |  511.0 |
               +--------+--------+--------+--------+--------+-----+--------+

Top non-repeatable levels by time:
     D:4: 1200 daAuts
     D:2: 1137 daAuts
     D:1: 1000 daAuts
     D:3: 917 daAuts
  Temple: 511 daAuts
     D:5: 454 daAuts
